 Dungeon Crawl Stone Soup version 0.31-a0-187-gba352fbbf7 (webtiles) character file.

Game seed: 10112286906564392787

126 qw the Skirmisher (level 4, 0/25 HPs)
             Began as a Deep Elf Hunter on June 22, 2023.
             Slain by a gnoll
             ... wielding a +0 spear
              (5 damage)
             ... on level 3 of the Dungeon.
             The game lasted 00:00:53 (1871 turns).

qw the Skirmisher (Deep Elf Hunter)                 Turns: 1871, Time: 00:00:54

Health: 0/25       AC:  5    Str: 10    XL:     4   Next: 83%
Magic:  6/6        EV: 12    Int: 12    God:
Gold:   102        SH:  0    Dex: 18    Spells: 3/3 levels left

rFire   . . .        Y - +1 shortbow
rCold   . . .        (shield currently unavailable)
rNeg    . . .        c - +0 leather armour
rPois   .            a - +0 helmet
rElec   .            (no cloak)
rCorr   .            l - +0 pair of gloves
SInv    .            (no boots)
Will    .....        (no amulet)
Stlth   ++           (no ring)
HPRegen 0.24/turn    (no ring)
MPRegen 0.10/turn

%: no passive effects
@: no status effects
A: dopey 1
a: no special abilities


You were on level 3 of the Dungeon.
You visited 1 branch of the dungeon, and saw 3 of its levels.

You collected 102 gold pieces.


Innate Abilities, Weirdness & Mutations

You are dopey. (Int -2)


   Skills:
 - Level 1.5 Fighting
 + Level 8.2 Ranged Weapons
 - Level 2.4 Dodging
 - Level 1.2 Stealth


You had 3 spell levels left.
You didn't know any spells.
Your spell library was empty.

Inventory:

Hand Weapons
 Y - a +1 shortbow (weapon)
Armour
 a - a +0 helmet (worn)
 c - a +0 leather armour (worn)
 l - a +0 pair of gloves (worn)
Jewellery
 b - a ring of protection from cold
Scrolls
 i - 2 scrolls of identify
Potions
 d - a potion of curing
 g - a potion of resistance {unknown}
 k - a potion of might {unknown}
 o - a potion of attraction {unknown}

Dungeon Overview and Level Annotations

Branches:
Dungeon (3/15)

Altars:


Message History

Your surroundings seem slightly different.
You shoot an arrow. The arrow hits the goblin!
You kill the goblin!
1861 ||| Stepping ~*~*~tactically~*~*~ (outnumbered).
You shoot an arrow.
The arrow hits the gnoll but does no damage.
You shoot an arrow. The arrow hits Robin.
Robin is almost dead.
You shoot an arrow. The arrow hits Robin.
You kill Robin!
The gnoll hits you from afar with a +0 spear.
You shoot an arrow. The arrow closely misses the gnoll.
The arrow barely misses the goblin.
The gnoll barely misses you.
You shoot an arrow. The arrow hits the gnoll!
The gnoll is severely wounded.
The gnoll hits you from afar with a +0 spear.
You shoot an arrow.
The arrow hits the gnoll but does no damage.
The gnoll is severely wounded.
The gnoll barely misses you.
You shoot an arrow. The arrow hits the goblin.
The goblin is moderately wounded.
The goblin hits you with a +0 dagger.
The gnoll hits you from afar with a +0 spear.
You shoot an arrow. The arrow barely misses the goblin.
The arrow hits the gnoll!
The gnoll is severely wounded.
The goblin hits you but does no damage.
The gnoll hits you from afar with a +0 spear.
The gnoll closely misses you. The goblin hits you but does no damage.
You shoot an arrow. The arrow hits the goblin.
You kill the goblin!
The gnoll misses you. The gnoll barely misses you.
The goblin hits you with a +0 club. The goblin misses you.
You shoot an arrow. The arrow hits the goblin.
You kill the goblin!
The goblin hits you with a +0 club.
The gnoll hits you from afar with a +0 spear.
You die...

..... .. ...... .
.......## .#
........####.#.#
........#...?#.#
#.....).........#
............#.#
#.......g@)g..# .
#......))##g..## .
#....##..).....###
..
#....##)##g##....#
#..
#..#.##.##..).##.#
...##
#..#..#.#####g#
#...###...#.#.##
gg #..#..#.....%#
#). ##.<.###.##..#
..


You could see 2 gnolls and a goblin (strong).

Vanquished Creatures
  Robin (D:3)
  2 adders
  2 gnolls (D:3)
  A worm (D:2)
  3 dart slugs
  A ball python (D:2)
  4 bats
  6 endoplasms
  4 giant cockroaches
  15 goblins
  6 hobgoblins
  2 jackals (D:2)
  3 kobolds
  2 quokkas
  A frilled lizard (D:2)
  10 rats
63 creatures vanquished.

Notes
Turn   | Place    | Note
-------+----------+-------------------------------------------
     0 | D:1      | qw the Deep Elf Hunter began the quest for the Orb.
     0 | D:1      | Reached XP level 1. HP: 12/12 MP: 3/3
     0 | D:1      | 0 ||| qw: Version: 0.3-a-9-g12657ce
     0 | D:1      | 0 ||| qw: Game counter: 2512
     0 | D:1      | 0 ||| qw: Always use a shield: true
     0 | D:1      | 0 ||| qw: God list: Okawaru
     0 | D:1      | 0 ||| qw: Allow faded altars: false
     0 | D:1      | 0 ||| qw: Do Orc after D:15 true
     0 | D:1      | 0 ||| qw: Do second Lair branch before Depths: true
     0 | D:1      | 0 ||| qw: Lair rune preference: random
     0 | D:1      | 0 ||| qw: Plans: Normal
     0 | D:1      | 0 ||| PLANNING D:1-11
   287 | D:1      | Reached skill level 6 in Ranged Weapons
   287 | D:1      | Reached XP level 2. HP: 16/16 MP: 4/4
   787 | D:1      | Reached XP level 3. HP: 20/20 MP: 5/5
   888 | D:1      | 888 ||| UPGRADING to +0 pair of gloves.
   893 | D:1      | 893 ||| READING scroll labelled OTHRONL TEHIOSMIUT.
   894 | D:1      | 894 ||| READING 2 scrolls labelled ZETZUZ VIUROTY.
   895 | D:1      | 895 ||| READING scroll labelled VERIOTR WILAO.
   896 | D:1      | 896 ||| READING scroll labelled HOURIT PIMYAL.
   899 | D:1      | 899 ||| DRINKING 2 white potions.
   900 | D:1      | 900 ||| DRINKING 2 lumpy green potions.
   900 | D:1      | Gained mutation: You have hidden genetic defects. [potion
                  | of mutation]
   900 | D:1      | Gained mutation: You are partially covered in iridescent
                  | scales. (AC +2) [potion of mutation]
   900 | D:1      | Gained mutation: Your mind is acute. (Int +4, Str/Dex -1)
                  | [potion of mutation]
   901 | D:1      | 901 ||| DROPPING scroll of butterflies.
   902 | D:1      | 902 ||| DROPPING potion of brilliance.
  1028 | D:2      | Gained mutation: You sometimes lose your temper in combat.
                  | [hidden defects]
  1052 | D:2      | 1052 ||| DRINKING potion of mutation.
  1052 | D:2      | Lost mutation: You sometimes lose your temper in combat.
                  | [potion of mutation]
  1052 | D:2      | Lost mutation: You are partially covered in iridescent
                  | scales. (AC +2) [potion of mutation]
  1052 | D:2      | Lost mutation: Your mind is acute. (Int +4, Str/Dex -1)
                  | [potion of mutation]
  1052 | D:2      | Gained mutation: You are clumsy. (Dex -2) [potion of
                  | mutation]
  1052 | D:2      | Lost mutation: You are clumsy. (Dex -2) [potion of
                  | mutation]
  1158 | D:2      | Reached skill level 7 in Ranged Weapons
  1164 | D:2      | Gained mutation: You are dopey. (Int -2) [hidden defects]
  1164 | D:2      | Lost mutation: You have hidden genetic defects. [hidden
                  | defects expressed]
  1678 | D:2      | 1678 ||| UPGRADING to +0 helmet.
  1683 | D:2      | 1683 ||| READING scroll labelled IHYEQA JAVYO.
  1684 | D:2      | 1684 ||| READING scroll labelled JIG REIFRA.
  1685 | D:2      | 1685 ||| READING scroll labelled ADITHU HUM.
  1686 | D:2      | 1686 ||| READING scroll labelled QUPROU ENOAL.
  1687 | D:2      | 1687 ||| DRINKING 2 dark potions.
  1688 | D:2      | 1688 ||| DRINKING 2 inky potions.
  1689 | D:2      | 1689 ||| READING 2 scrolls of identify.
  1689 | D:2      | 1689 ||| IDENTIFYING fizzy blue potion
  1690 | D:2      | 1690 ||| DROPPING potion of ambrosia.
  1692 | D:2      | 1692 ||| Stepping ~*~*~tactically~*~*~ (cloud).
  1777 | D:3      | Reached XP level 4. HP: 25/25 MP: 6/6
  1848 | D:3      | Noticed Robin
  1850 | D:3      | Reached skill level 8 in Ranged Weapons
  1856 | D:3      | HP: 6/25 [goblin/+0 dagger[Robin] (2)]
  1857 | D:3      | 1857 ||| READING scroll of teleportation.
  1858 | D:3      | 1858 ||| DRINKING potion of heal wounds.
  1861 | D:3      | 1861 ||| Stepping ~*~*~tactically~*~*~ (outnumbered).
  1864 | D:3      | Killed Robin
  1871 | D:3      | HP: 5/25 [goblin/+0 club[Robin] (3)]
  1871 | D:3      | Slain by a gnoll

Levels and vault maps discovered:
D:1:      dpeg_arrival_tiny_g, layout_basic, minmay_hedge_maze
D:2:      layout_basic
D:3:      layout_rooms, overflow_temple_1_default, uniq_robin, uniq_jessica

Skill      XL: |  1  2  3  4 |
---------------+-------------+-----
Ranged Weapons | 6 7 8 |  8.2
Fighting       | |  1.5
Dodging        | |  2.4
Stealth        | |  1.2

Action                     |  1- 3 |  4- 6 || total
---------------------------+-------+-------++-------
   Fire: Shortbow          |   131 |    51 ||   182
    Use: Scroll            |     9 |     1 ||    10
         Potion            |     5 |     1 ||     6
 Armour: Leather armour    |     3 |    16 ||    19
  Dodge: Dodged            |    16 |    17 ||    33

Table legend:
 A = Non-vault XP
 B = Vault XP
 C = Vault XP percentage of total XP
 D = Non-vault monster count
 E = Vault monster count
 F = Vault count percentage of total count
                 A         B        C        D         E       F
            +---------+---------+-------+---------+---------+-------
      Total |     148 |      34 |  18.7 |      53 |      10 |  15.9
            +---------+---------+-------+---------+---------+-------
        D:1 |      41 |       0 |   0.0 |      22 |       0 |   0.0
        D:2 |      54 |       0 |   0.0 |      23 |       0 |   0.0
        D:3 |      53 |      34 |  39.1 |       8 |      10 |  55.6
            +---------+---------+-------+---------+---------+-------
